 Dungeon Crawl Stone Soup version 0.30-a0-223-gcb0039aa0c (webtiles) character file.

Game seed: 15203854053787684280

305 bande the Covered (level 6, -1/38 HPs)
             Began as a Gargoyle Fighter on Oct 9, 2022.
             Slain by an orc
             ... wielding a +0 mace
              (3 damage)
             ... on level 3 of the Dungeon.
             The game lasted 00:04:27 (2220 turns).

bande the Covered (Gargoyle Fighter)                Turns: 2220, Time: 00:04:28

Health: -1/38      AC: 15    Str: 20    XL:     6   Next: 39%
Magic:  6/6        EV:  7    Int:  8    God:
Gold:   113        SH:  4    Dex: 11    Spells: 5/5 levels left

rFire   . . .      SeeInvis .    a - +0 war axe
rCold   . . .      Faith    .    c - +0 buckler
rNeg    + . .      Spirit   .    m - +0 chain mail
rPois   ∞          Reflect  .    (no helmet)
rElec   +          Harm     .    (no cloak)
rCorr   .          Rampage  .    b - +0 pair of gloves
Will    .....                    (no boots)
Stlth   ..........               (no amulet)
HPRegen 0.26/turn                (no ring)
MPRegen 0.10/turn                (no ring)

@: no status effects
A: sickness immunity, AC +4, negative energy resistance 1, electricity
resistance, torment resistance 1, petrification resistance
a: no special abilities


You were on level 3 of the Dungeon.
You visited 1 branch of the dungeon, and saw 3 of its levels.

You collected 113 gold pieces.

Inventory:

Hand Weapons
 a - a +0 war axe (weapon)
Armour
 b - a +0 pair of gloves (worn)
 c - a +0 buckler (worn)
 m - a +0 chain mail (worn)
Scrolls
 j - a scroll of enchant armour {unknown}
 k - a scroll of teleportation
Potions
 d - a potion of might
 e - 2 potions of curing {unknown}
 f - a potion of magic {unknown}
 g - 2 potions of berserk rage {unknown}
 h - a potion of attraction {unknown}
 i - 2 potions of invisibility {unknown}


   Skills:
 + Level 4.2 Fighting
 + Level 4.2 Axes
 + Level 4.7 Armour
 + Level 0.2 Stealth
 + Level 4.0 Shields


You had 5 spell levels left.
You didn't know any spells.
Your spell library contained the following spells:

 Spells                   Type           Power      Damage    Failure   Level
 Ensorcelled Hibernation  Hex/Ice        0%         N/A       100%        2


Dungeon Overview and Level Annotations

Branches:
Dungeon (3/15)

Altars:


Innate Abilities, Weirdness & Mutations

You are immune to sickness and miasma.
Your stone body is resilient. (AC +4)
You are immune to poison.
You resist negative energy. (rN+)
You are resistant to electric shocks. (rElec)
You are resistant to unholy torment.
You are immune to petrification.


Message History

The orc wizard points at you and mumbles some strange words.
You slash something! Something hits you.
You barely miss something. Something hits you.
* * * LOW HITPOINT WARNING * * *
The orc wizard casts a spell at you.
You slash something!
Reactivating autopickup.
You feel a bit more experienced. The orc wizard casts a spell at you.
You resist with some effort. You block the orc wizard's attack.
Things that are here:
a +0 dagger; a +0 robe; a dart slug corpse You slash the orc wizard!
The orc wizard is heavily wounded.
The orc wizard points at you and mumbles some strange words.
The magic dart hits you but does no damage.
You hit the orc wizard.
The orc wizard is almost dead.
The orc wizard hits you but does no damage.
The orc wizard barely misses you.
You miss the orc wizard.
The orc wizard is almost dead.
The orc wizard points at you and mumbles some strange words.
You resist with some effort.
You barely miss the orc wizard.
The orc wizard is almost dead.
The orc wizard hits you but does no damage.
You hit the orc wizard.
You kill the orc wizard!
The orc hits you but does no damage.
Your Shields skill increases to level 4!
You completely miss the orc. The orc completely misses you.
You hit the orc.
The orc is heavily wounded.
The orc priest invokes the aid of Beogh against you.
Beogh smites you!
* * * LOW HITPOINT WARNING * * *
The orc hits you with a +0 mace.
You die...

*,,,,+,,,,* #..........
*,****,,,** #.......†##
*,* ***** #.#########
*,* ########..........
*,* #..............###
*,* #.############.###
*,* #.#,,,,,<,,,,#...<
*,* #)#,***,,,**,#....
*,* #@#,*,,,,,,*,#....
*,* #o#,*,,,,,,*,#.##.
*,****#o#,***,,,,*,#.##.
*,*#...o)......,,*,#.##.
*,*#......#####***,#.##.
*,,+........,,,,,,,#.##.
***#......###******#.##.
#.......,,,,,,,,#.##.
###..####******,#.##.


You could see an orc priest and 2 orcs.

Vanquished Creatures
  An ogre (D:3)
  A centaur (D:3)
  2 orc wizards (D:3)
  2 adders (D:2)
  A worm (D:2)
  5 dart slugs
  3 orcs (D:3)
  5 ball pythons
  8 endoplasms
  2 giant cockroaches
  A hobgoblin (D:1)
  5 jackals
  2 kobolds (D:2)
  2 quokkas
  8 bats
  3 frilled lizards
  5 goblins (D:1)
  6 rats
62 creatures vanquished.

Vanquished Creatures (others)
  5 fungi (D:2)
  8 plants (D:2)
13 creatures vanquished.

Grand Total: 75 creatures vanquished

Notes
Turn   | Place    | Note
-------+----------+-------------------------------------------
     0 | D:1      | bande the Gargoyle Fighter began the quest for the Orb.
     0 | D:1      | Reached XP level 1. HP: 14/14 MP: 1/1
    34 | D:1      | Reached XP level 2. HP: 19/19 MP: 2/2
   140 | D:1      | Reached XP level 3. HP: 23/23 MP: 3/3
   697 | D:2      | Reached XP level 4. HP: 27/29 MP: 4/4
   976 | D:2      | Found a faded altar of an unknown god.
  1468 | D:3      | Noticed a centaur
  1475 | D:3      | Killed a centaur
  1476 | D:3      | Reached XP level 5. HP: 12/33 MP: 5/5
  1683 | D:3      | Got Jessica's Vellum of the Oath
  1708 | D:3      | Noticed an ogre
  1718 | D:3      | Killed an ogre
  1719 | D:3      | Reached XP level 6. HP: 15/38 MP: 6/6
  2220 | D:3      | Slain by an orc

Illustrated notes

Levels and vault maps discovered:
D:1:      lightli_arrival_statuegarden, layout_rooms
D:2:      layout_basic, dreamdust_ecumenical_altar_hidden_monk_grotto
D:3:      layout_basic, kennysheep_jessica_study

Skill      XL: |  1  2  3  4  5  6 |
---------------+-------------------+-----
Axes           | 2 3 4 |  4.2
Fighting       | 4 |  4.2
Armour         | 4 |  4.7
Shields        | 4 |  4.0
Stealth        | |  0.2

Action                   |  1- 3 |  4- 6 || total
-------------------------+-------+-------++-------
Melee: War axe           |    91 |    83 ||   174
  Use: Scroll            |     1 |     3 ||     4
Armor: Scale mail        |    58 |    12 ||    70
       Chain mail        |       |    57 ||    57
Dodge: Dodged            |    59 |    26 ||    85
Block: Buckler           |    20 |    18 ||    38

Table legend: (Time is in decaauts)
 A = Elapsed time spent in this place.
 B = Non-inter-level travel time spent in this place.
 C = Inter-level travel time spent in this place.
 D = Time resting spent in this place.
 E = Time spent auto-exploring this place.
 F = Levels seen in this place.
 G = Mean time per level.
                   A        B        C        D        E       F      G
               +--------+--------+--------+--------+--------+-----+--------+
         Total |   2291 |   2256 |     35 |    471 |   1225 |   3 |  763.7 |
       Dungeon |   2291 |   2256 |     35 |    471 |   1225 |   3 |  763.7 |
               +--------+--------+--------+--------+--------+-----+--------+

Top non-repeatable levels by time:
     D:3: 1008 daAuts
     D:2: 682 daAuts
     D:1: 601 daAuts
